 Dungeon Crawl Stone Soup version 0.24.0-123-gd5b16e6ec5 (webtiles) character file.

Game seed: 16975510512478588307, levelgen mode: deterministic

577 Emblim88 the Cudgeler (level 7, -3/102 HPs)
             Began as a Troll Berserker on Jan 13, 2020.
             Was a Priest of Trog.
             Slain by an ice beast (7 damage)
             ... on level 5 of the Dungeon.
             The game lasted 00:07:49 (2471 turns).

Emblim88 the Cudgeler (Troll Berserker)             Turns: 2471, Time: 00:07:49

Health: -3/102     AC:  6    Str: 29 (32) XL:     7   Next: 13%
Magic:  6/6        EV:  1    Int:  3 (4)  God:    Trog [***...]
Gold:   191        SH:  0    Dex:  0 (9)  Spells: 6/6 levels left

rFire    . . .     SeeInvis .   (no weapon)
rCold    . . .     Gourm    +   (no shield)
rNeg     . . .     Faith    .   b - +0 animal skin
rPois    .         Spirit   .   (helmet restricted)
rElec    .         Reflect  .   (no cloak)
rCorr    .         Harm     .   (gloves unavailable)
MR       .....                  (boots unavailable)
Stlth    ..........             (no amulet)
HPRegen  0.67/turn              (no ring)
MPRegen  0.10/turn              (no ring)

@: berserking, slowed, lost dexterity
A: large, unfitting armour, claws 3, fast metabolism 3, gourmand, regeneration
1, shaggy fur 1, tough skin 3
a: Berserk, Trog's Hand, Renounce Religion


You were on level 5 of the Dungeon.
You worshipped Trog.
Trog was most pleased with you.
You were not hungry.

You visited 1 branch of the dungeon, and saw 5 of its levels.

You collected 191 gold pieces.

Inventory:

Hand Weapons
 a - a +0 mace
 d - a +0 flail of protection
 o - a +0 giant club
Armour
 b - a +0 animal skin (worn)
Scrolls
 e - a scroll of teleportation {unknown}
 f - a scroll of immolation {unknown}
 g - a scroll of magic mapping {unknown}
 h - 5 scrolls of identify {unknown}
 m - a scroll of random uselessness {unknown}
 n - a scroll of fear {unknown}
 p - a scroll of enchant armour {unknown}
 r - a scroll of blinking {unknown}
 v - a scroll of remove curse {unknown}
 x - a scroll of enchant weapon {unknown}
Potions
 s - a potion of heal wounds {unknown}
 t - a potion of might {unknown}
 w - a potion of agility {unknown}
Comestibles
 c - 7 rations


   Skills:
 + Level 3.9 Fighting
 * Level 5.6 Maces & Flails
 + Level 4.0 Dodging


You had 6 spell levels left.
You didn't know any spells.
Your spell library was empty.

Dungeon Overview and Level Annotations

Branches:
Dungeon (6/15)
 Temple: D:4-7

Altars:
Cheibriados
Uskayaw
The Shining One


Innate Abilities, Weirdness & Mutations

You are too large for most types of armour.
You have claws for hands.
Your metabolism is lightning-fast.
You like to eat raw meat.
Your natural rate of healing is unusually fast.
You are covered in fur. (AC +1)
You have extremely tough skin. (AC +3)


Message History

The ice beast freezes you! The ice beast hits you. The ice beast freezes you!
You barely miss the ice beast.
The ice beast is moderately wounded.
The ice beast hits you but does no damage.
You claw the ice beast!
The ice beast is heavily wounded.
The ice beast hits you. The ice beast freezes you!
* * * LOW HITPOINT WARNING * * *
You claw the ice beast!
The ice beast is almost dead.
The ice beast hits you.
* * * LOW HITPOINT WARNING * * *
The ice beast freezes you!
* * * LOW HITPOINT WARNING * * *
You barely miss the ice beast.
The ice beast is almost dead.
The ice beast hits you.
* * * LOW HITPOINT WARNING * * *
The ice beast freezes you!
You die...

#..)>............รท....
#.#))#.######.######..
#.#.....#####.#.......
#.#..##....##.#.###...
#.#.....##.##.......Z.
#.....................
####.#####........##Z.
#.#########..## #'.
#.@Y.)..# #... Z..
#######.# #. .... +Z._.
#.... ..... #..#+#


You could see an ice beast.

Vanquished Creatures
  Sigmund (D:2)
  An orc warrior (D:5)
  An ogre (D:2)
  A crimson imp (D:5)
  A quasit (D:5)
  A howler monkey skeleton (D:6)
  6 adders
  An ooze (D:5)
  A worm (D:2)
  4 dart slugs
  3 leopard geckos
  6 orcs
  7 bats
  4 giant cockroaches
  3 goblins
  8 hobgoblins
  14 jackals
  7 kobolds
  4 quokkas
  5 frilled lizards
  A goblin skeleton (D:5)
  3 goblin zombies (D:5)
  A hobgoblin zombie (D:5)
  A jackal zombie (D:6)
  2 kobold skeletons (D:5)
  A kobold zombie (D:5)
  7 rats
95 creatures vanquished.

Notes
Turn   | Place    | Note
-------+----------+-------------------------------------------
     0 | D:1      | Emblim88 the Troll Berserker began the quest for the Orb.
     0 | D:1      | Reached XP level 1. HP: 22/22 MP: 0/0
    89 | D:1      | Reached skill level 3 in Maces & Flails
    89 | D:1      | Reached XP level 2. HP: 29/29 MP: 1/1
   217 | D:1      | Reached XP level 3. HP: 36/36 MP: 2/2
   218 | D:1      | Reached ** piety under Trog
   694 | D:2      | Noticed an ogre
   703 | D:2      | Killed an ogre
   703 | D:2      | Reached skill level 4 in Maces & Flails
   703 | D:2      | Reached XP level 4. HP: 44/45 MP: 3/3
   786 | D:2      | Reached XP level 5. HP: 27/53 MP: 4/4
  1117 | D:2      | Found a hide-covered altar of Uskayaw.
  1119 | D:2      | Noticed Sigmund
  1142 | D:2      | Killed Sigmund
  1142 | D:2      | Reached XP level 6. HP: 51/61 MP: 2/5
  1307 | D:2      | Reached skill level 5 in Maces & Flails
  1568 | D:2      | Found a snail-covered altar of Cheibriados.
  1574 | D:2      | Reached *** piety under Trog
  2050 | D:3      | You fall into a shaft and drop 3 floors!
  2116 | D:5      | Entered Level 5 of the Dungeon
  2116 | D:5      | Noticed an orc warrior
  2118 | D:5      | Killed an orc warrior
  2176 | D:5      | Reached XP level 7. HP: 68/68 MP: 6/6
  2299 | D:5      | Found a glowing golden altar of the Shining One.
  2363 | D:5      | Lost dexterity.
  2471 | D:5      | HP: 4/102 [ice beast (4)]
  2471 | D:5      | Slain by an ice beast

Levels and vault maps discovered:
D:1:      mainiacjoe_arrival_reflecting_pool, layout_loops_cross
D:2:      layout_loops_ring, eat_drink_and_be_merry_uskayaw,
          kennysheep_slug_shrine, minivault_14, st_stairs_12, minivault_24,
          uniq_sigmund
D:3:      layout_rooms
D:5:      layout_basic, first_ration, kennysheep_cross_bottleneck,
          nicolae_tso_besieged_by_evil, uniq_menkaure, uniq_duvessa
D:6:      layout_basic, minmay_liquid_box, lemuel_flame_loot_1

Skill      XL: |  1  2  3  4  5  6 |
---------------+-------------------+-----
Maces & Flails | 3 4 5 |  5.6
Fighting       | 3 |  3.9
Dodging        | 3 4 |  4.0

Action                   |  1- 3 |  4- 6 |  7- 9 || total
-------------------------+-------+-------+-------++-------
Melee: Mace              |    98 |       |       ||    98
       Giant club        |       |   268 |    70 ||   338
       Unarmed           |       |       |    30 ||    30
Invok: Berserk           |       |     3 |     2 ||     5
       Trog's Hand       |       |     1 |       ||     1
  Use: Potion            |       |       |     6 ||     6
 Stab: Sleeping          |     1 |       |       ||     1
  Eat: Chunk             |    11 |    19 |     1 ||    31
Armor: Animal skin       |    39 |   141 |    66 ||   246
       Skin              |       |       |   145 ||   145
Dodge: Dodged            |    55 |   224 |    70 ||   349
